 Dungeon Crawl Stone Soup version 0.31-a0-175-g9f7f995f2b (webtiles) character file.

Game seed: 3437848928675278358

20 Moral the Vexing (level 2, -1/11 HPs)
             Began as a Felid Enchanter on June 17, 2023.
             Slain by a ball python (3 damage)
             ... on level 2 of the Dungeon.
             The game lasted 00:02:41 (1171 turns).

Moral the Vexing (Felid Enchanter)                  Turns: 1171, Time: 00:02:41

Health: -1/11      AC:  1    Str:  4    XL:     2   Next: 58%
Magic:  6/6        EV: 14    Int: 16    God:
Gold:   45         SH:  0    Dex: 16    Spells: 5/5 levels left
                                        Lives:  0   Deaths: 0

rFire   . .          .
                       - Unarmed
rCold   . . .        (shield unavailable)
rNeg    . . .        (body armour unavailable)
rPois   .            (helmet unavailable)
rElec   .            (cloak unavailable)
rCorr   .            (gloves unavailable)
SInv    +            (boots unavailable)
Will    .....        (no amulet)
Stlth   +++          (no ring)
HPRegen 0.21/turn    (no ring)
MPRegen 0.10/turn

%: no passive effects
@: constricted, quick
A: very small, claws 1, fangs 3, see invisible, speed 1, shaggy fur 1, stealthy
paws, no weapons or thrown items, no armour, multi-lived
a: no special abilities


You were on level 2 of the Dungeon.
You visited 1 branch of the dungeon, and saw 2 of its levels.

You collected 45 gold pieces.

Inventory:

Scrolls
 b - 2 scrolls of silence {unknown}
 c - a scroll of blinking {unknown}
 d - 2 scrolls of teleportation {unknown}
 f - a scroll of noise {unknown}
 g - a scroll of revelation {unknown}
Potions
 a - 2 potions of invisibility
 e - 2 potions of curing {unknown}
 h - 2 potions of haste {unknown}


   Skills:
 + Level 3.0 Dodging
 * Level 4.5 Stealth
 + Level 1.3 Unarmed Combat
 + Level 2.1 Spellcasting
 * Level 4.7 Hexes


You had 5 spell levels left.
You didn't know any spells.
Your spell library contained the following spells:

 Spells                   Type           Power      Damage    Failure   Level
 Confusing Touch          Hex            16%        N/A       9%          3
 Tukima's Dance           Hex            16%        N/A       9%          3
 Ensorcelled Hibernation  Hex/Ice        18%        N/A       12%         2
 Dazzling Flash           Conj/Hex       18%        N/A       24%         3
 Vhi's Electric Charge    Tloc/Air       2%         N/A       52%         3
 Arcjolt                  Conj/Air       0%         1d10      99%         5
 Conjure Ball Lightning   Conj/Air       0%         3x3d6     100%        6
 Discord                  Hex            8%         N/A       100%        8
 Disjunction              Tloc           0%         N/A       100%        8
 Maxwell's Capacitive Co  Air            0%         ∞         100%        8


Dungeon Overview and Level Annotations

Branches:
Dungeon (2/15)

Altars:


Innate Abilities, Weirdness & Mutations

You have sharp claws.
You have razor-sharp teeth.
You have supernaturally acute eyesight. (SInv)
You cover ground quickly. (Speed+)
You are covered in fur. (AC +1)
Your paws help you pounce on unaware monsters.
You are incapable of wielding weapons or throwing items.
You cannot wear armour.
You gain extra lives every three experience levels.


Message History

A ball python comes into view.
A ball python is nearby!
A hobgoblin comes into view.
The ball python hisses angrily.
You barely miss the ball python.
You bite the ball python, but do no damage.
The hobgoblin shouts!
The ball python bites you. The ball python closely misses you.
The ball python misses you. x2
You barely miss the ball python. The ball python closely misses you.
The ball python grabs you. The ball python constricts you.
You closely miss the ball python. The ball python barely misses you.
The ball python constricts you.
You scratch the ball python.
You bite the ball python, but do no damage.
The ball python is severely wounded.
The ball python misses you. The ball python constricts you.
You scratch the ball python but do no damage.
The ball python is severely wounded.
The ball python bites you but does no damage.
The ball python constricts you.
You barely miss the ball python.
The ball python is severely wounded.
The ball python barely misses you. The ball python constricts you.
The hobgoblin barely misses you. The ball python closely misses you.
The ball python constricts you.
The ball python's grasp on you weakens, but your attempt to escape fails.
The hobgoblin misses you. The ball python closely misses you.
The ball python constricts you.
You scratch the ball python. Your bite misses the ball python.
The ball python is severely wounded.
The hobgoblin hits you but does no damage.
The ball python bites you.
* * * LOW HITPOINT WARNING * * *
The ball python constricts you.
* * * LOW HITPOINT WARNING * * *
You closely miss the ball python.
The ball python is severely wounded.
The hobgoblin misses you. The ball python bites you.
You die...

#.# # #.#.# #.#.#
.... ###.# #...##
.##########..g.####
.......<.....@S...+
.##########....####
#.#.## #..## ##.#
#.# #.# #.#


You could see a hobgoblin and a ball python.

Vanquished Creatures
  2 ball pythons (D:1)
  An endoplasm (D:1)
  A giant cockroach (D:1)
  3 hobgoblins (D:1)
  A quokka (D:1)
  2 bats (D:1)
  3 kobolds (D:1)
  7 rats (D:1)
20 creatures vanquished.

Notes
Turn   | Place    | Note
-------+----------+-------------------------------------------
     0 | D:1      | Moral the Felid Enchanter began the quest for the Orb.
     0 | D:1      | Reached XP level 1. HP: 7/7 MP: 4/4
   331 | D:1      | Reached XP level 2. HP: 11/11 MP: 6/6
  1171 | D:2      | Slain by a ball python

Illustrated notes

Levels and vault maps discovered:
D:1:      dpeg_arrival_triangle_fractal, layout_basic, minmay_quantized
D:2:      layout_loops_corners, basic_altar,
          dreamdust_ecumenical_altar_hidden_monk_grotto,
          minmay_goblin_kobold_house

Skill      XL: |  1  2 |
---------------+-------+-----
Dodging        | 3 |  3.0
Stealth        | |  4.5
Unarmed Combat | |  1.3
Spellcasting   | |  2.1
Hexes          | |  4.7

Action                     || total
---------------------------++-------
  Melee: Unarmed           ||    63
         Bite              ||     7
   Stab: Sleeping          ||     5
 Armour: Skin              ||     6
  Dodge: Dodged            ||    46

Table legend: (Time is in decaauts)
 A = Elapsed time spent in this place.
 B = Non-inter-level travel time spent in this place.
 C = Inter-level travel time spent in this place.
 D = Time resting spent in this place.
 E = Time spent auto-exploring this place.
 F = Levels seen in this place.
 G = Mean time per level.
                   A        B        C        D        E       F      G
               +--------+--------+--------+--------+--------+-----+--------+
         Total |    987 |    930 |     57 |    129 |    607 |   2 |  493.5 |
       Dungeon |    987 |    930 |     57 |    129 |    607 |   2 |  493.5 |
               +--------+--------+--------+--------+--------+-----+--------+

Top non-repeatable levels by time:
     D:1: 973 daAuts
     D:2: 13 daAuts
